 Dungeon Crawl Stone Soup version 0.25-a0-510-ge065f6de7d (webtiles) character file.

Game seed: 13034051293060560999, levelgen mode: deterministic

366 Esekla the Magician (level 6, -2/32 HPs)
             Began as a Deep Elf Wizard on Feb 15, 2020.
             Slain by an ice beast (7 damage)
             ... on level 5 of the Dungeon.
             The game lasted 00:37:05 (3765 turns).

Esekla the Magician (Deep Elf Wizard)               Turns: 3765, Time: 00:37:06

Health: -2/32      AC:  3    Str:  6    XL:     6   Next: 40%
Magic:  0/18       EV: 13    Int: 23    God:
Gold:   148        SH:  0    Dex: 13    Spells: 10/19 levels left

rFire    . . .     SeeInvis .   v - +0 dagger (speed)
rCold    . . .     Gourm    .   (no shield)
rNeg     . . .     Faith    .   a - +0 robe
rPois    .         Spirit   .   b - +0 hat
rElec    .         Reflect  .   (no cloak)
rCorr    .         Harm     .   (no gloves)
MR       .....                  f - +0 pair of boots
Stlth    ++........             (no amulet)
HPRegen  0.10/turn              (no ring)
MPRegen  0.16/turn              (no ring)

@: very slightly contaminated
A: no striking features
a: no special abilities


You were on level 5 of the Dungeon.
You were not hungry.

You visited 1 branch of the dungeon, and saw 5 of its levels.

You collected 148 gold pieces.

Inventory:

Hand Weapons
 s - a +0 spear
 v - a +0 dagger of speed (weapon)
Missiles
 c - 5 boomerangs (quivered)
 j - 33 poisoned darts
Armour
 a - a +0 robe (worn)
 b - a +0 hat (worn)
 f - a +0 pair of boots (worn)
 n - a +0 ring mail of cold resistance
Wands
 m - a wand of digging (6)
Scrolls
 e - 2 scrolls of teleportation {unknown}
 k - 2 scrolls of remove curse {unknown}
 l - 3 scrolls of identify {unknown}
 q - 2 scrolls of enchant armour {unknown}
 r - a scroll of noise {unknown}
 t - 2 scrolls of magic mapping
Potions
 h - 3 potions of curing {unknown}
 i - a potion of brilliance {unknown}
 o - 2 potions of cancellation {unknown}
 p - 2 potions of heal wounds {unknown}
 u - a potion of degeneration {unknown}
Comestibles
 d - 9 rations


   Skills:
 + Level 0.4 Short Blades
 + Level 0.4 Throwing
 * Level 3.4 Dodging
 - Level 2.4 Stealth
 * Level 7.3 Spellcasting
 + Level 2.5 Conjurations
   Level 1.1 Summonings
 + Level 2.1 Translocations
 * Level 1.6 Fire Magic
 * Level 1.4 Air Magic
 * Level 1.3 Poison Magic


You had 10 spell levels left.
You knew the following spells:

 Your Spells              Type           Power        Failure   Level  Hunger
a - Magic Dart            Conj           ###.         2%          1    None
b - Blink                 Tloc           N/A          4%          2    None
c - Mephitic Cloud        Conj/Pois/Air  ###.....     11%         3    None
f - Conjure Flame         Conj/Fire      ###.....     10%         3    None

Your spell library contained the following spells:

 Spells                   Type           Power        Failure   Level  Hunger
 Call Imp                 Summ           ##......     7%          2    None
 Slow                     Hex            #.......     12%         2    None


Dungeon Overview and Level Annotations

Branches:
Dungeon (5/15)
 Temple: D:4-7

Altars:
Okawaru

Shops:
D:4 (*

Annotations:
D:4 Grinder, Ijyb


Message History

Aiming: Magic Dart (safe; 2% risk of failure)
Press: ? - help, Shift-Dir - straight line, f/p - ice beast
Aim: an ice beast (almost dead)
The magic dart hits the ice beast but does no damage.
The ice beast is almost dead.
The ice beast hits you. The ice beast freezes you!
* * * LOW HITPOINT WARNING * * *
You hit the ice beast.
The ice beast is almost dead.
Casting: Magic Dart (safe; 2% risk of failure)
Confirm with . or Enter, or press ? or * to list all spells.
Aiming: Magic Dart (safe; 2% risk of failure)
Press: ? - help, Shift-Dir - straight line, f/p - ice beast
Aim: an ice beast (almost dead)
You miscast Magic Dart.
You are very lightly contaminated with residual magic.
Your skin glows momentarily.
The ice beast hits you.
* * * LOW HITPOINT WARNING * * *
The ice beast freezes you!
You die...

..).(..#.#............#
...#.....#............#######
####.........................
#....###...........#######
#.#...<............#
#.####.###.#.#######
#........#.#........
########..#.#.#########
............#..Y@...#
######..##########.#
#............ #............
#....(.###### #......#
######.# .. ...


You could see an ice beast.

Vanquished Creatures
  Edmund (D:4)
  A centaur (D:5)
  A howler monkey (D:4)
  Terence (D:2)
  A worker ant (D:3)
  An adder (D:2)
  2 oozes (D:1)
  2 worms (D:3)
  A dart slug (D:1)
  3 leopard geckos
  3 orcs
  2 giant cockroaches
  5 goblins
  8 hobgoblins
  7 kobolds
  A quokka (D:4)
  A ball python (D:2)
  6 bats
  A frilled lizard (D:3)
  A quokka skeleton (D:4)
  7 rats
56 creatures vanquished.

Notes
Turn   | Place    | Note
-------+----------+-------------------------------------------
     0 | D:1      | Esekla the Deep Elf Wizard began the quest for the Orb.
     0 | D:1      | Reached XP level 1. HP: 10/10 MP: 7/7
   142 | D:2      | Reached skill level 5 in Spellcasting
   209 | D:2      | Found an iron altar of Okawaru.
   332 | D:1      | Reached XP level 2. HP: 15/15 MP: 6/10
   336 | D:1      | Learned a level 2 spell: Blink
  1455 | D:3      | Reached XP level 3. HP: 16/19 MP: 9/12
  1624 | D:3      | Learned a level 3 spell: Mephitic Cloud
  1628 | D:3      | Learned a level 3 spell: Conjure Flame
  1834 | D:5      | Entered Level 5 of the Dungeon
  1840 | D:5      | Noticed a scorpion
  1855 | D:4      | Reached skill level 6 in Spellcasting
  1855 | D:4      | Reached XP level 4. HP: 18/24 MP: 0/14
  1863 | D:4      | Noticed Ijyb
  2154 | D:2      | Noticed Terence
  2165 | D:2      | Killed Terence
  2453 | D:3      | Reached XP level 5. HP: 28/28 MP: 9/16
  2460 | D:3      | Reached skill level 1 in Fire Magic
  2622 | D:1      | Reached skill level 1 in Air Magic
  3143 | D:4      | Noticed Edmund
  3201 | D:4      | Killed Edmund
  3201 | D:4      | Reached skill level 7 in Spellcasting
  3201 | D:4      | Reached skill level 1 in Poison Magic
  3201 | D:4      | Reached XP level 6. HP: 28/32 MP: 4/18
  3453 | D:4      | Found Woxkutiy's Assorted Antiques.
  3546 | D:4      | Found Zuonkoaf's Weapon Shop.
  3553 | D:4      | Noticed Grinder
  3686 | D:5      | Noticed an ice beast
  3765 | D:5      | Slain by an ice beast

Levels and vault maps discovered:
D:1:      minmay_arrival_checkered_box, layout_loops_corners
D:2:      layout_loops_ring, okawaru_metal_pillars_3, minivault_11, uniq_terence
D:3:      layout_rooms
D:4:      layout_basic, serial_shops, kennysheep_mini, kennysheep_windowed_goal,
          uniq_grinder, uniq_ijyb, uniq_edmund
D:5:      layout_basic, overflow_temple_1_default, first_ration

Skill      XL: |  1  2  3  4  5 |
---------------+----------------+-----
Spellcasting   | 5 6 7 |  7.3
Dodging        | 3 |  3.4
Conjurations   | 2 |  2.5
Fire Magic     | 1 |  1.6
Air Magic      | 1 |  1.4
Translocations | 2 |  2.1
Poison Magic   | 1 |  1.3
Short Blades   | |  0.4
Throwing       | |  0.4
Stealth        | |  2.4
Summonings     | |  1.1

Action                   |  1- 3 |  4- 6 || total
-------------------------+-------+-------++-------
Melee: Dagger            |    10 |    30 ||    40
       Spear             |       |     9 ||     9
Throw: Dart              |       |    34 ||    34
       Boomerang         |       |     6 ||     6
 Cast: Magic Dart        |    92 |    75 ||   167
       Mephitic Cloud    |     1 |     7 ||     8
       Blink             |     1 |     1 ||     2
       Conjure Flame     |       |     8 ||     8
  Use: Scroll            |       |     1 ||     1
 Stab: Sleeping          |     1 |     1 ||     2
       Confused          |       |     2 ||     2
  Eat: Chunk             |     2 |     4 ||     6
       Ration            |       |     1 ||     1
Armor: Robe              |     8 |     6 ||    14
Dodge: Dodged            |    25 |    16 ||    41

Table legend:
 A = Non-vault XP
 B = Vault XP
 C = Vault XP percentage of total XP
 D = Non-vault monster count
 E = Vault monster count
 F = Vault count percentage of total count
                 A         B        C        D         E       F
            +---------+---------+-------+---------+---------+-------
      Total |     331 |     192 |  36.7 |      54 |       2 |   3.6
            +---------+---------+-------+---------+---------+-------
        D:1 |      45 |       0 |   0.0 |      19 |       0 |   0.0
        D:2 |      36 |      38 |  51.4 |      14 |       1 |   6.7
        D:3 |      70 |       0 |   0.0 |      16 |       0 |   0.0
        D:4 |      61 |     154 |  71.6 |       4 |       1 |  20.0
        D:5 |     119 |       0 |   0.0 |       1 |       0 |   0.0
            +---------+---------+-------+---------+---------+-------
